Map: Lightshade LE

Players

A.I. 1 (Very Easy)

  • Race: Zerg Zerg
  • Spawn Location: 11:00

PashkaRU - Winner!

  • Race: Protoss Protoss
  • League: Diamond
  • Spawn Location: 5:00

VOD

Have the link to the VOD?

Description

Time

  • Played on: March 25, 2021, 10:25 p.m.
  • Length: 7:24
Show
View Real Time Build Order
Export as new Build Order

A.I. 1 (Very Easy) Zerg 

Build Orders: Pool Only 

Get SALT Encoding   

  12  0:00  Drone  
  13  0:12  Overlord  
  13  0:16  Drone  
  14  0:34  Spawning Pool  
  13  0:37  Drone  
  13  0:40  Extractor  
  13  0:44  Drone  
  14  0:52  Overlord  
  14  1:21  Zergling x2  
  14  1:22  Queen  
  17  1:30  Roach Warren  
  16  1:33  Drone  
  16  1:37  Extractor  
  16  1:41  Drone  
  17  1:51  Zergling x2  
  18  1:59  Drone  
  19  2:07  Drone  
  20  2:16  Drone  
  20  2:20  Zergling x2  
  22  2:26  Overlord  
  22  2:29  Drone  
  23  2:36  Drone  
  24  2:44  Drone  
  25  2:49  Roach  
  27  4:43  Drone  
  22  4:45  Zergling x2  
  22  4:50  Drone  
  11  4:57  Drone  
  11  4:59  Queen  
  5  5:04  Drone  
  6  5:07  Extractor  
  6  5:12  Drone  
  6  5:14  Roach  
  6  5:19  Drone  
  9  5:26  Drone  
  10  5:33  Drone  
  11  5:40  Drone  
  12  5:43  Roach  
  12  5:47  Drone  
  15  5:54  Drone  
  16  6:02  Drone  
  17  6:09  Drone  
  18  6:12  Zergling x2  
  18  6:16  Drone  
  20  6:23  Drone  
  21  6:30  Drone  
  16  6:41  Zergling x2  
  6  6:47  Drone  
  6  6:48  Drone x2  
  6  6:55  Drone  
  7  7:05  Drone  
Show
View Real Time Build Order
Export as new Build Order

PashkaRU Protoss - Winner!

Build Orders: Nexus First, Dark Templar Rush 

Get SALT Encoding   

  12  0:00  Probe  
  13  0:12  Probe  
  14  0:20  Pylon  
  14  0:24  Probe  
  15  0:38  Probe  
  16  0:50  Probe  
  17  1:00  Nexus  
  17  1:04  Probe  
  18  1:15  Gateway  
  18  1:18  Probe (Chrono Boost)  
  19  1:25  Assimilator  
  19  1:29  Probe (Chrono Boost)  
  20  1:33  Assimilator  
  20  1:35  Probe (Chrono Boost)  
  21  1:43  Pylon  
  21  1:46  Probe (Chrono Boost)  
  22  1:54  Probe (Chrono Boost)  
  23  2:01  Probe  
  23  2:02  Cybernetics Core  
  23  2:07  Zealot  
  26  2:13  Probe (Chrono Boost)  
  28  2:19  Probe (Chrono Boost)  
  28  2:22  Probe (Chrono Boost)  
  29  2:27  Probe x2 (Chrono Boost)  
  31  2:38  Twilight Council, Probe, Warp Gate (Chrono Boost)  
  31  2:39  Probe  
  33  2:50  Probe  
  34  2:51  Probe  
  34  2:52  Robotics Facility  
  34  2:57  Shield Battery  
  35  3:02  Probe  
  35  3:03  Probe  
  37  3:07  Pylon  
  37  3:14  Probe  
  37  3:15  Probe  
  37  3:16  Dark Shrine  
  39  3:24  Gateway  
  39  3:27  Gateway  
  39  3:33  Gateway  
  39  3:38  Warp Prism (Chrono Boost)  
  39  3:44  Probe  
  39  3:45  Probe  
  43  3:48  Assimilator  
  43  3:51  Assimilator  
  43  3:56  Probe  
  43  3:57  Probe  
  43  4:00  Pylon  
  45  4:05  Pylon  
  45  4:10  Probe x2  
  47  4:22  Probe x2  
  49  4:32  Dark Templar x4  
  49  4:36  Probe x2  
  59  4:41  Immortal (Chrono Boost)  
  63  4:50  Gateway  
  63  4:52  Gateway  
  63  4:54  Charge  
  63  5:02  Gateway  
  63  5:04  Gateway  
  63  5:13  Pylon  
  63  5:17  Immortal (Chrono Boost)  
  63  5:18  Pylon  
  67  5:22  Dark Templar  
  69  5:32  Dark Templar x2  
  73  5:45  Immortal (Chrono Boost)  
  77  5:58  Nexus  
  77  5:59  Pylon  
  77  6:01  Sentry, Pylon  
  77  6:03  Sentry  
  81  6:06  Sentry  
  81  6:07  Zealot  
  85  6:17  Pylon  
  85  6:18  Zealot x2  
  85  6:20  Pylon  
  85  6:21  Zealot  
  85  6:23  Observer (Chrono Boost)  
  85  6:25  Zealot  
  94  6:51  Zealot  
  94  6:52  Zealot x7  
  110  6:56  Probe  
  110  6:57  Probe  
  110  7:00  Pylon  
  110  7:01  Pylon  
  112  7:09  Probe x2 (Chrono Boost)  
Tags
 
Add a new tag
Caveats
  • Supply blocks, unpowered buildings, or Contaminate may cause inaccurate times.
  • Supply counts are checked every 10 seconds.